 Dungeon Crawl Stone Soup version 0.22.1-1-ga44c0e56f4 (webtiles) character file.

32 Gargoyl the Skirmisher (level 3, -13/31 HPs)
             Began as a Centaur Abyssal Knight on Nov 9, 2018.
             Was a Follower of Lugonu.
             Killed themself with a badly aimed iceblast (20 damage)
             ... on level 2 of the Dungeon.
             The game lasted 00:02:11 (1183 turns).

Gargoyl the Skirmisher (Centaur Abyssal Knight)     Turns: 1183, Time: 00:02:13

Health: -13/31     AC:  7    Str: 14    XL:     3   Next: 10%
Magic:  4/4        EV:  4    Int: 11    God:    Lugonu [*.....]
Gold:   71         SH:  0    Dex:  9    Spells: 2/2 levels left

rFire    . . .     SeeInvis .   d - +3 battleaxe (chop)
rCold    . . .     Gourm    .   (shield currently unavailable)
rNeg     . . .     Faith    .   b - +0 chain mail
rPois    .         Spirit   .   (no helmet)
rElec    .         Reflect  .   (no cloak)
rCorr    .         Harm     .   (no gloves)
MR       .....                  (no barding)
Stlth    ..........             (no amulet)
HPRegen  0.10/turn              (no ring)
MPRegen  0.09/turn              (no ring)

@: lethally poisoned (-13 -> -21), very quick
A: large, hooves 3, deformed body, speed 2, tough skin 3
a: Depart the Abyss, Renounce Religion


You were on level 2 of the Dungeon.
You worshipped Lugonu.
Lugonu was aware of your devotion.
You were not hungry.

You visited 1 branch of the dungeon, and saw 2 of its levels.
You visited the Abyss 1 time.

You collected 71 gold pieces.

Inventory:

Hand Weapons
 a - a +1 hand axe
 d - a +3 battleaxe of chopping (weapon)
Armour
 b - a +0 chain mail (worn)
Wands
 e - a wand of random effects (24)
Scrolls
 h - a scroll of identify
 k - 2 scrolls of immolation
Comestibles
 c - 3 rations


   Skills:
 + Level 3.4 Fighting
 + Level 2.1 Axes
 * Level 1.7 Armour
 + Level 1.1 Dodging
 * Level 2.2 Invocations


You had 2 spell levels left.
You didn't know any spells.
Your spell library was empty.

Dungeon Overview and Level Annotations

Branches:
Dungeon (2/15)

Altars:


Innate Abilities, Weirdness & Mutations

You have hooves in place of feet.
Armour fits poorly on your strangely shaped body.
You cover ground very quickly.
You have extremely tough skin. (AC +3)


Message History

Unknown command.
Okay, then.
Aiming: Random Effects
Press: ? - help, Shift-Dir - straight line, f - frilled lizard
Aim: a frilled lizard The frilled lizard seems to slow down.
* * * LOW HITPOINT WARNING * * *
You feel sick. The frilled lizard bites you.
* * * LOW HITPOINT WARNING * * *
Unknown command.
Aiming: Random Effects
Press: ? - help, Shift-Dir - straight line, f/p - frilled lizard
Aim: a frilled lizard (slow)
The mass of ice explodes!
The iceblast engulfs the frilled lizard.
You kill the frilled lizard!
Lugonu accepts your kill. The iceblast engulfs you!
Ouch! That really hurt!
You die...

# #.
#######################
.........................
#. .###.............# #..
#@###########.#
###...###†# #.#
......†...# #.#
......)...# #.#
.........## #.#
###...#### #.# #... #.#
#... #†# .... ##.###


There were no monsters in sight!

Vanquished Creatures
  2 adders (D:2)
  A worm (D:2)
  A dart slug (D:2)
  3 frilled lizards (D:2)
  3 goblins (D:1)
  2 kobolds
  A rat (D:2)
13 creatures vanquished.

Notes
Turn   | Place    | Note
-------+----------+-------------------------------------------
     0 | Abyss:1  | Gargoyl the Centaur Abyssal Knight began the quest for the
                  | Orb.
     0 | Abyss:1  | Reached XP level 1. HP: 19/19 MP: 2/2
     8 | Abyss:1  | Found a corrupted altar of Lugonu.
    51 | Abyss:2  | Found a corrupted altar of Lugonu.
    68 | Abyss:2  | Noticed a neqoxec
    83 | Abyss:2  | Noticed a large abomination
   158 | Abyss:3  | Noticed a death drake
   159 | D:1      | Escaped the Abyss
  1124 | D:2      | Reached XP level 2. HP: 26/26 MP: 3/3
  1147 | D:2      | Reached * piety under Lugonu
  1181 | D:2      | Reached skill level 1 in Dodging
  1182 | D:2      | Reached XP level 3. HP: 9/31 MP: 4/4
  1183 | D:2      | Killed themself with a badly aimed iceblast

Skill      XL: |  1  2 |
---------------+-------+-----
Axes           | 2 |  2.1
Dodging        | 1 |  1.1
Fighting       | |  3.4
Armour         | |  1.7
Invocations    | |  2.2

Action                   || total
-------------------------++-------
Melee: Battleaxe         ||    28
       Kick              ||     4
Invok: Depart the Abyss  ||     1
Evoke: Wand              ||     2
  Use: Scroll            ||     5
       Potion            ||     1
Armor: Chain mail        ||    20
Dodge: Dodged            ||     6
